AoeStats
← 文風

Fortress

510407691Analyzed
1v1 RM · 8h ago on Sep 30, 2026· 36m 2s· 2 players
Game mode
Random Map
Map size
Small (3 player)
Population
200
Speed
Normal
Resources
Standard
Victory
Conquest
Starting age
Dark Age
Ending age
Imperial Age
RankedLock teamsTeams togetherTeam positionsShared explorationLock speedFull tech treeHidden civsTurbo modeCheats
Victory
Defeat
🇭🇰 Bohemians · Hong Kong SAR China
1528
+13
🇦🇷 Wei · Argentina
1470
-13
Pablo!
7:32 Feudal Age
11:05 Castle Age
9:31 Loom
9:37 Double-Bit Axe
9:40 Horse Collar
13:47 Loom
17:10 Imperial Age
15:18 Bow Saw
15:58 Gold Mining
16:42 Scale Barding Armor
22:20 Chain Barding Armor
24:56 Husbandry
25:32 Devotion
29:31 Forging
30:07 Fletching
31:48 Bodkin Arrow
31:14 Elite Skirmisher
34:01 Ballistics
34:25 Bracer
36:57 Chemistry
文風
6:01 Feudal Age
6:26 Double-Bit Axe
6:24 Horse Collar
13:06 Castle Age
14:38 Bow Saw
15:03 Heavy Plow
15:19 Fervor
16:51 Wheelbarrow
22:45 Imperial Age
22:18 Chemistry
21:57 Fortified Wall
25:39 Pikeman
26:20 Squires
27:55 Halberdier
30:11 Scale Mail Armor
30:21 Forging
32:30 Chain Mail Armor
32:50 Iron Casting
33:12 Man-at-Arms
34:44 Plate Mail Armor
34:49 Iron Casting
33:56 Long Swordsman
35:19 Two-Handed Swordsman
Connection lost

Rejoining the realm…

Still unreachable

The connection could not be restored.

Session expired

The server has moved on; the page needs a fresh start.